 Dungeon Crawl Stone Soup version 0.30-a0-672-gc3a7216ad8 (webtiles) character file.

Game seed: 15146670521169974276

2340 Leeroy the Nimble (level 9, -2/48 HPs)
             Began as a Tengu Warper on Jan 18, 2023.
             Was a Believer of Uskayaw.
             Slain by Joseph
             ... wielding a +0 quarterstaff
              (4 damage)
             ... on level 7 of the Dungeon.
             The game lasted 00:08:33 (6138 turns).

Leeroy the Nimble (Tengu Warper)                    Turns: 6138, Time: 00:08:34

Health: -2/48      AC:  7    Str: 11    XL:     9   Next: 43%
Magic:  11/13      EV: 30    Int: 14    God:    Uskayaw [**....]
Gold:   226        SH:  0    Dex: 31    Spells: 7/12 levels left

rFire   . . .      SeeInvis .    O - +6 short sword of Cosmeq {freeze, *Noise rElec Dex+7}
rCold   + . .      Faith    .    (no shield)
rNeg    . . .      Spirit   .    b - +0 leather armour
rPois   .          Reflect  .    (helmet restricted)
rElec   +          Harm     .    y - +0 cloak
rCorr   .          Rampage  .    J - +2 pair of gloves
Will    .....                    (boots unavailable)
Stlth   ++                       o - amulet of the acrobat
HPRegen 0.28/turn                t - ring of protection from cold
MPRegen 0.13/turn                R - +6 ring of dexterity

@: flying quickly and evasively, quick
A: beak, talons 3, nimble flight
a: Renounce Religion, Stomp, Line Pass


You were on level 7 of the Dungeon.
You worshipped Uskayaw.
Uskayaw was noncommittal.
You visited 2 branches of the dungeon, and saw 8 of its levels.

You collected 410 gold pieces.
You spent 184 gold pieces at shops.

Inventory:

Hand Weapons
 a - a +0 falchion
 f - a +2 dagger of flaming
 j - a +1 short sword of draining
 m - a +0 dagger of venom
 G - a +2 vampiric dagger
 M - the +8 quarterstaff of Insufficient Pleasure {antimagic, rElec Will+ Int+2 SInv}
   (You took it off an orc on level 6 of the Dungeon)

   Int:       It affects your intelligence (+2).
   rElec:     It insulates you from electricity.
   SInv:      It lets you see invisible.
   Will:      It increases your willpower.
 N - a +2 heavy war axe
 O - the +6 short sword of Cosmeq (weapon) {freeze, *Noise rElec Dex+7}
   (You bought it in a shop on level 3 of the Dungeon)

   Dex:       It affects your dexterity (+7).
   rElec:     It insulates you from electricity.
   *Noise:    It may make noises in combat.
Missiles
 d - 7 boomerangs of dispersal (quivered)
 C - 8 javelins
 E - a throwing net
Armour
 b - a +0 leather armour (worn)
 r - the +0 chain mail "Camapama" {Int+4}
   (You found it on level 3 of the Dungeon)

   Int:       It affects your intelligence (+4).
 x - an orb of mayhem
 y - a +0 cloak (worn)
 J - a +2 pair of gloves (worn)
Jewellery
 o - an amulet of the acrobat (around neck)
 t - a ring of protection from cold (left hand)
 H - an amulet of guardian spirit
 R - a +6 ring of dexterity (right hand)
Wands
 A - a wand of mindburst (2)
 F - a wand of iceblast (7)
 P - a wand of flame (16)
Scrolls
 c - 6 scrolls of blinking
 e - 3 scrolls of identify {unknown}
 g - 6 scrolls of teleportation {unknown}
 h - a scroll of vulnerability {unknown}
 i - 3 scrolls of amnesia {unknown}
 p - 2 scrolls of fear {unknown}
 s - a scroll of magic mapping {unknown}
 u - a scroll of butterflies {unknown}
 v - a scroll of noise {unknown}
 z - a scroll of fog {unknown}
 B - a scroll of poison {unknown}
 Q - a scroll of enchant armour {unknown}
Potions
 k - 2 potions of mutation {unknown}
 l - 2 potions of degeneration {unknown}
 n - 5 potions of curing {unknown}
 q - a potion of heal wounds {unknown}
 w - a potion of haste {unknown}
 D - a potion of brilliance {unknown}
 I - a potion of might {unknown}
 K - a potion of lignification {unknown}
 L - a potion of magic {unknown}


   Skills:
 - Level 2.0 Fighting
 - Level 4.3 Long Blades
 - Level 1.0 Throwing
 - Level 1.1 Armour
 + Level 12.6 Dodging
 - Level 2.0 Spellcasting
 - Level 2.4 Translocations
 - Level 3.3 Air Magic


You had 7 spell levels left.
You knew the following spells:

 Your Spells              Type           Power      Damage    Failure   Level
a - Blink                 Tloc           16%        N/A       19%         2
b - Vhi's Electric Charg  Tloc/Air       18%        N/A       28%         3

Your spell library contained the following spells:

 Spells                   Type           Power      Damage    Failure   Level
 Lesser Beckoning         Tloc           16%        N/A       19%         2
 Teleport Other           Tloc           8%         N/A       34%         3
 Hailstorm                Conj/Ice       1%         3d3       67%         3
 Manifold Assault         Tloc           8%         N/A       75%         4
 Ice Form                 Ice/Tmut       1%         N/A       97%         4
 Simulacrum               Ice/Necr       0%         N/A       100%        6


Dungeon Overview and Level Annotations

Branches:
Dungeon (7/15)             Temple (1/1) D:6

Altars:
Ashenzari
Cheibriados
Dithmenos
Elyvilon
Fedhas
Gozag
Kikubaaqudgha
Nemelex Xobeh
Okawaru
Qazlal
Ru
Sif Muna
Trog
Uskayaw
Vehumet
Xom
Yredelemnul
Zin
The Shining One

Shops:
D:2 *   D:3 *   D:5 (

Annotations:
D:7 Joseph


Innate Abilities, Weirdness & Mutations

You have a beak for a mouth.
You have claws for feet.
Your magical nature lets you fly swiftly and evasively.


Message History

Joseph shoots a sling bullet.
The sling bullet misses you.
Casting: Vhi's Electric Charge (quite dangerous; 28% risk of failure)
Confirm with . or Enter, or press ? or * to list all spells.
The spell is quite dangerous to miscast (28% risk of failure)!
Continue anyway?
Charge where?
Press: ? - help, Dir - move target, f - Joseph
Aim: Joseph, wielding a +0 sling and wearing a +3 leather armour (86% to hit)
You charge forward with an electric crackle!
You hit Joseph and electrocute him. You freeze Joseph.
You claw Joseph, but do no damage. You peck Joseph.
Joseph is lightly wounded.
Joseph unwields a +0 sling.
Joseph wields a +0 quarterstaff.
Joseph hits you with a +0 quarterstaff!
You hit Joseph but do no damage. You claw Joseph!
Joseph is lightly wounded.
Joseph hits you with a +0 quarterstaff!
You hit Joseph. You freeze Joseph. You claw Joseph, but do no damage.
Joseph is moderately wounded.
Joseph completely misses you.
You can now stomp with the beat.
You barely miss Joseph. You claw Joseph, but do no damage.
Joseph is moderately wounded.
Joseph hits you with a +0 quarterstaff.
You barely miss Joseph. You claw Joseph. You peck Joseph.
Joseph is heavily wounded.
You hit Joseph. You freeze Joseph.
Joseph is heavily wounded.
Joseph hits you with a +0 quarterstaff!
You can now pass through a line of other dancers.
You hit Joseph. You freeze Joseph. You claw Joseph. You peck Joseph.
Joseph is severely wounded.
Joseph closely misses you.
You hit Joseph. You freeze Joseph. You claw Joseph, but do no damage.
Joseph is severely wounded.
Joseph hits you with a +0 quarterstaff!
* * * LOW HITPOINT WARNING * * *
You hit Joseph but do no damage. Your kick misses Joseph.
Joseph is severely wounded.
Joseph hits you with a +0 quarterstaff.
You die...

#....##.# F
#....##.# ..
#....##.# ...
#....##.#
.....##....##.#
...........##.#
......#....##.#
......#....##.##
...........@@.>#
......##....####
....)....####
....#...##
..##..#.#
........#
...###.<# ..
##..# . #..#


You could see Joseph.

Vanquished Creatures
  Grinder (D:3)
  An acid dragon (D:5)
  2 water moccasins (D:5)
  3 orc warriors
  An ice beast (D:5)
  3 black bears
  2 ogres (D:4)
  3 necrophages
  4 scorpions
  2 howler monkeys (D:5)
  3 hounds
  An orc priest (D:6)
  Jessica (D:2)
  2 iguanas
  Terence (D:3)
  2 orc wizards (D:6)
  A gnoll (D:1)
  10 adders
  A white imp (D:6)
  An ufetubus (D:4)
  4 dart slugs
  18 orcs
  11 ball pythons
  2 endoplasms
  7 giant cockroaches
  5 goblins
  5 hobgoblins
  14 jackals
  6 quokkas
  6 bats
  A frilled lizard (D:2)
  14 kobolds
  4 rats
142 creatures vanquished.

Notes
Turn   | Place    | Note
-------+----------+-------------------------------------------
     0 | D:1      | Leeroy the Tengu Warper began the quest for the Orb.
     0 | D:1      | Reached XP level 1. HP: 12/12 MP: 4/4
     6 | D:1      | Noticed a hog
     6 | D:1      | Noticed a black mamba
     7 | D:1      | Noticed a six-headed hydra
     7 | D:1      | Noticed a komodo dragon
   144 | D:1      | Reached XP level 2. HP: 15/17 MP: 6/6
   465 | D:1      | Reached XP level 3. HP: 21/21 MP: 7/7
  1093 | D:2      | Reached XP level 4. HP: 25/26 MP: 8/8
  1164 | D:2      | Reached skill level 3 in Dodging
  1208 | D:2      | Found Rohushruwk's General Store.
  1458 | D:2      | Found a faded altar of an unknown god.
  1501 | D:2      | Noticed Jessica
  1507 | D:2      | Killed Jessica
  1508 | D:2      | Reached skill level 4 in Dodging
  1508 | D:2      | Gained mutation: Your magical nature lets you fly swiftly
                  | and evasively. [Tengu growth]
  1508 | D:2      | Reached XP level 5. HP: 24/30 MP: 9/9
  1833 | D:3      | Noticed Terence
  1844 | D:3      | Killed Terence
  1849 | D:3      | Identified the +0 chain mail "Camapama" {Int+4}
  1869 | D:3      | Learned a level 2 spell: Blink
  1873 | D:3      | Learned a level 3 spell: Vhi's Electric Charge
  1916 | D:3      | Found a sparkling altar of Nemelex Xobeh.
  2172 | D:3      | Found Zuosm's Assorted Antiques.
  2184 | D:3      | Noticed Grinder
  2356 | D:4      | Reached skill level 5 in Dodging
  2376 | D:4      | Noticed an ogre
  2386 | D:4      | Killed an ogre
  2387 | D:4      | Reached XP level 6. HP: 20/35 MP: 10/10
  2391 | D:4      | Reached skill level 6 in Dodging
  3275 | D:5      | Entered Level 5 of the Dungeon
  3275 | D:5      | Noticed an ice beast
  3276 | D:5      | Found Vuedgh Uffi's Weapon Shoppe.
  3288 | D:5      | Killed an ice beast
  3289 | D:5      | Reached skill level 7 in Dodging
  3289 | D:5      | Reached XP level 7. HP: 32/40 MP: 11/11
  3378 | D:5      | Reached skill level 8 in Dodging
  3522 | D:3      | Killed Grinder
  3523 | D:3      | Reached skill level 9 in Dodging
  3523 | D:3      | Reached XP level 8. HP: 34/44 MP: 12/12
  3618 | D:5      | Reached skill level 10 in Dodging
  3682 | D:5      | Found a basalt altar of Yredelemnul.
  4283 | D:5      | Reached skill level 11 in Dodging
  4825 | D:5      | Reached skill level 1 in Air Magic
  4825 | D:5      | Reached XP level 9. HP: 42/48 MP: 13/13
  5025 | D:6      | Reached skill level 12 in Dodging
  5439 | D:6      | Found an ancient bone altar of Kikubaaqudgha.
  5444 | D:6      | Found a snail-covered altar of Cheibriados.
  5446 | D:6      | Found a sacrificial altar of Ru.
  5447 | D:6      | Found an opulent altar of Gozag.
  5458 | D:6      | Identified the +8 quarterstaff of Insufficient Pleasure
                  | {antimagic, rElec Will+ Int+2 SInv}
  5538 | D:6      | Found a staircase to the Ecumenical Temple.
  5572 | Temple   | Entered the Ecumenical Temple
  5797 | Temple   | Became a worshipper of Uskayaw the Reveller
  6001 | D:3      | Bought a buzzing short sword for 184 gold pieces
  6001 | D:3      | Identified the +6 short sword of Cosmeq {freeze, *Noise
                  | rElec Dex+7} (You bought it in a shop on level 3 of the
                  | Dungeon)
  6093 | D:7      | Noticed Joseph
  6132 | D:7      | Reached * piety under Uskayaw
  6135 | D:7      | Reached ** piety under Uskayaw
  6137 | D:7      | HP: 1/48 [Joseph/+0 quarterstaff (14)]
  6138 | D:7      | Slain by Joseph

Illustrated notes

Levels and vault maps discovered:
D:1:      onia_arrival_zoo_common, layout_basic
D:2:      layout_rooms, serial_shops, shop, chequers_ecumenical_altar_lobes,
          kennysheep_jessica_study
D:3:      layout_loops_cross, nemelex_diamond_rough_becter, serial_glass,
          glass_columns_b, glass_columns_a, serial_shops,
          nicolae_shop_hallway_stairs, chequers_serial_rivers_micro_d,
          minmay_misc_feat_x, st_stairs_1, uniq_terence, uniq_jessica,
          uniq_grinder
D:4:      layout_loops_cross, kennysheep_opposing_triangles
D:5:      kennysheep_big_flooded_room, layout_rooms, amcnicky_altar_gilded,
          serial_shops, nicolae_shop_statue_plus
D:6:      layout_rooms, mainiacjoe_overflow_alcove_3,
          minmay_temple_entry_purple_smoke
D:7:      layout_rooms, lemuel_round_altar, minmay_checkerbox, uniq_joseph
Temple:   nicolae_temple_figure_eight

Skill      XL: |  1  2  3  4  5  6  7  8  9 |
---------------+----------------------------+-----
Long Blades    | 3 4 |  4.3
Dodging        | 4 5 7 9 11 12 | 12.6
Air Magic      | 1 3 |  3.3
Fighting       | |  2.0
Throwing       | |  1.0
Armour         | |  1.1
Spellcasting   | |  2.0
Translocations | |  2.4

Action                   |  1- 3 |  4- 6 |  7- 9 || total
-------------------------+-------+-------+-------++-------
Melee: Falchion          |    63 |       |       ||    63
       Kick              |    21 |    41 |    91 ||   153
       Peck              |     8 |    34 |    48 ||    90
       Dagger            |    25 |    55 |    50 ||   130
       Short sword       |     3 |   116 |   176 ||   295
       Punch             |       |     2 |     2 ||     4
 Cast: Vhi's Electric Ch |       |       |     2 ||     2
 Stab: Sleeping          |     1 |     2 |     1 ||     4
Armor: Leather armour    |    24 |    28 |    20 ||    72
Dodge: Dodged            |    74 |   124 |   178 ||   376

Table legend: (Time is in decaauts)
 A = Elapsed time spent in this place.
 B = Non-inter-level travel time spent in this place.
 C = Inter-level travel time spent in this place.
 D = Time resting spent in this place.
 E = Time spent auto-exploring this place.
 F = Levels seen in this place.
 G = Mean time per level.
                   A        B        C        D        E       F      G
               +--------+--------+--------+--------+--------+-----+--------+
         Total |   5826 |   5420 |    406 |    721 |   3517 |   8 |  728.2 |
       Dungeon |   5609 |   5233 |    376 |    721 |   3335 |   7 |  801.3 |
        Temple |    216 |    187 |     29 |      0 |    181 |   1 |  216.0 |
               +--------+--------+--------+--------+--------+-----+--------+

Top non-repeatable levels by time:
     D:4: 1488 daAuts
     D:1: 1095 daAuts
     D:5: 1095 daAuts
     D:3: 726 daAuts
     D:6: 609 daAuts
     D:2: 523 daAuts
  Temple: 216 daAuts
     D:7: 70 daAuts
